AoeStats
← Bongo12

African Clearing

510280390Analyzed
2v2 RM · 23h ago on Sep 30, 2026· 45m 56s· 4 players
Game mode
Random Map
Map size
Medium (4 player)
Population
200
Speed
Normal
Resources
Standard
Victory
Conquest
Starting age
Dark Age
Ending age
Imperial Age
RankedLock teamsTeams togetherTeam positionsShared explorationLock speedFull tech treeHidden civsTurbo modeCheats
Victory
Defeat
🇮🇹 Persians · Italy
1079
+19
🇪🇸 Mongols · Spain
1002
+22
🇳🇿 Spanish · New Zealand
1173
-22
🇨🇳 Varangians · China
1100
-19
Rey_Pablium
6:34 Loom
13:48 Feudal Age
15:45 Double-Bit Axe
18:21 Castle Age
17:54 Stone Mining
20:11 Fletching
20:23 Padded Archer Armor
21:54 Bodkin Arrow
24:17 Husbandry
27:10 Bloodlines
28:07 Wheelbarrow
29:36 Hand Cart
35:14 Ballistics
35:53 Bow Saw
39:44 Imperial Age
40:37 Stone Shaft Mining
40:01 Murder Holes
40:31 Bracer
41:34 Chemistry
41:06 Horse Collar
43:14 Conscription
43:16 Leather Archer Armor
43:05 Elite Mangudai
Karel12
3:56 Loom
11:31 Feudal Age
11:48 Man-at-Arms
13:10 Wheelbarrow
13:07 Double-Bit Axe
17:59 Forging
23:09 Castle Age
21:15 Gold Mining
21:08 Horse Collar
23:58 Hand Cart
26:50 Husbandry
27:33 Iron Casting
33:14 Gold Shaft Mining
32:43 Heavy Plow
32:58 Bow Saw
39:42 Imperial Age
38:43 Scale Barding Armor
39:48 Cavalier
41:32 Blast Furnace
41:49 Savar
45:26 Chain Barding Armor
Bongo12
4:28 Loom
14:29 Feudal Age
16:52 Double-Bit Axe
20:56 Castle Age
19:29 Fletching
23:20 Bow Saw
28:06 Town Watch
28:28 Bodkin Arrow
31:30 Imperial Age
31:12 Town Watch
34:48 Chemistry
38:54 Horse Collar
40:54 Heavy Plow
41:42 Conscription
2717845389
12:02 Loom
15:19 Feudal Age
19:49 Castle Age
18:23 Bloodlines
19:15 Scale Barding Armor
20:38 Horse Collar
Connection lost

Rejoining the realm…

Still unreachable

The connection could not be restored.

Session expired

The server has moved on; the page needs a fresh start.